 Dungeon Crawl Stone Soup version bcrawl-1.41.1 (webtiles) character file.

Game seed: 14489958572816407824

230533 Grimmash the Ducker (level 5, 18/54 HPs)
             Began as an Ent Archaeologist on Apr 20, 2024.
             Quit the game on level 2 of the Dungeon.
             The game lasted 00:03:42 (1660 turns).

Grimmash the Ducker (Ent Archaeologist)             Turns: 1660, Time: 00:03:42

Health: 18/54      AC: 14    Str: 18    XL:     5   Next: 75%
Magic:  5/7        EV:  7    Int: 16    God:
Gold:   135        SH:  6    Dex:  8    Spells: 7/7 levels left

rFire    . . .     GDR:     29% b - +0 blowgun
rCold    . . .     SeeInvis .   s - +0 medium shield (curse)
rNeg     + + +     Gourm    .   (armour unavailable)
rPois    +         Faith    .   c - +1 hat
rElec    .         Spirit   .   q - +0 cloak
rCorr    .         Reflect  .   (gloves unavailable)
MR       +....                  (boots unavailable)
Stlth    ..........             (no amulet)
HPRegen  0.19/turn              k - ring of Moxtup {MR+ Stlth--} (curse)
MPRegen  0.10/turn              (no ring)

@: very slow
A: large, slow actions, passwall, strong branches, negative energy resistance 3,
poison resistance, slow metabolism 1, torment resistance, unbreathing, AC +12
a: Passwall


You were on level 2 of the Dungeon.
You were not hungry.

You visited 1 branch of the dungeon, and saw 2 of its levels.

You collected 135 gold pieces.

Inventory:

Hand Weapons
 a - a +0 whip
 b - a +0 blowgun (weapon)
Missiles
 d - 3 curare-tipped needles
 h - 37 poisoned needles (quivered)
Armour
 c - a +1 hat (worn)
 q - a +0 cloak (worn)
 s - a cursed +0 medium shield (worn)
Jewellery
 k - the cursed ring of Moxtup (left hand) {MR+ Stlth--}
   (You found it on level 1 of the Dungeon)

   [ring of attention]

   It affects your resistance to hostile enchantments.
   It makes you much less stealthy.
   It has a curse placed upon it.
Wands
 r - a wand of iceblast (9)
Scrolls
 g - a scroll of revelation
 i - 2 scrolls of identify
 j - 2 scrolls of remove curse {unknown}
 m - a scroll of teleportation {unknown}
 n - 2 scrolls of enchant weapon {unknown}
 t - a scroll of fog {unknown}
 u - a scroll of amnesia {unknown}
Potions
 l - a potion of might {unknown}
 o - 2 potions of heal wounds {unknown}
 p - a potion of lignification {unknown}
Comestibles
 e - 2 rations {!d}


   Skills:
 * Level 2.7 Fighting
 * Level 3.3 Maces & Flails
 * Level 4.0 Dodging
 + Level 3.9 Stealth
 + Level 0.4 Shields
 * Level 1.6 Spellcasting
 * Level 1.1 Evocations


You had 7 spell levels left.
You didn't know any spells.
Your spell library was empty.

Dungeon Overview and Level Annotations

Branches:
Dungeon (2/12)

Altars:


Innate Abilities, Weirdness & Mutations

You move and act slowly.
You can pass through walls and trees.
Your branches can wield two-handed weapons with a shield.
Your thick bark is tough. (AC +12)
You are too large for most types of armour.
You are immune to negative energy. (rN+++)
Your system is resistant to poisons. (rPois)
You have a slow metabolism.
You are immune to unholy pain and torment.
You can survive without breathing.


Message History

It claims this artefact was created by a master of translocation magic, which supposedly proves the superiority of translocations to the other schools of magic.
No path to travel!
As you read the scroll of acquirement, it crumbles to dust.
Acquire which item? (Press ! for descriptions.) A: +1 giant spiked club "Mimusaj" {crush, +Fly rPois Int+4} B: +2 large shield of protection C: amulet of Weuxuaji {RegenMP MP-9 Str+9 Stlth-} D: book of Burglary; E: staff of wizardry; F: wand of acid (20); G: 11 rations H: 1406 gold pieces This will waste the scroll!
Really cancel your acquirement? (Y/N) Acquire which item? (Press ! for descriptions.) A: +1 giant spiked club "Mimusaj" {crush, +Fly rPois Int+4} B: +2 large shield of protection C: amulet of Weuxuaji {RegenMP MP-9 Str+9 Stlth-} D: book of Burglary; E: staff of wizardry; F: wand of acid (20); G: 11 rations H: 1406 gold pieces This will waste the scroll!
Really cancel your acquirement? (Y/N) Cancelling acquirement.
No path to travel!
Are you sure you want to abandon this character and quit the game? (Confirm with "yes".)

###....# #.# #..........##
##.#.# #.# #.######.#)## ..
#.#.# #.# #.# #.#.## #. ..#.#
#.# #.# #.#.# .. ##
#.###.#######.# #.#.# ..
#.........(...# ####.#.# .$
#####.######..# #....#.# ..
#######.######..###.####.#
..#####.......).@...........)..#
.................########)######
..####.....#####.# #.# ..
#..##.# #.# #.# .. #..##.#
#.########.# ##
#..##.#####.........รท#
#..##........)....##.#
#..##############.##.# #..#
#.##.#


There were no monsters in sight!

Vanquished Creatures
  Sigmund (D:2)
  Robin (D:2)
  A worm (D:2)
  A dart slug (D:1)
  A leopard gecko (D:1)
  2 orcs (D:2)
  A giant cockroach (D:1)
  7 hobgoblins
  8 kobolds
  2 ball pythons
  7 bats
  A frilled lizard (D:1)
  14 goblins
  6 rats
53 creatures vanquished.

Notes
Turn   | Place    | Note
-------+----------+-------------------------------------------
     0 | D:1      | Grimmash the Ent Archaeologist began the quest for the Orb.
     0 | D:1      | Reached XP level 1. HP: 21/21 MP: 1/1
    71 | D:1      | Got a twitching bone ring
    72 | D:1      | Identified the cursed ring of Moxtup {MR+ Stlth--} (You
                  | found it on level 1 of the Dungeon)
   157 | D:1      | Reached skill level 3 in Dodging
   195 | D:1      | Reached XP level 2. HP: 29/29 MP: 2/2
   618 | D:2      | Reached XP level 3. HP: 16/36 MP: 3/3
   973 | D:2      | Noticed Robin
  1267 | D:2      | Killed Robin
  1268 | D:2      | Reached skill level 1 in Spellcasting
  1268 | D:2      | Reached XP level 4. HP: 46/46 MP: 5/5
  1629 | D:2      | Noticed Sigmund
  1658 | D:2      | Killed Sigmund
  1659 | D:2      | Reached skill level 4 in Dodging
  1659 | D:2      | Reached skill level 1 in Evocations
  1659 | D:2      | Reached XP level 5. HP: 18/54 MP: 5/7
  1659 | D:2      | Identified a scroll of acquirement
  1659 | D:2      | Identified the +1 giant spiked club "Mimusaj" {crush, +Fly
                  | rPois Int+4} (You acquired it on level 2 of the Dungeon)
  1659 | D:2      | Identified the amulet of Weuxuaji {RegenMP MP-9 Str+9
                  | Stlth-} (You acquired it on level 2 of the Dungeon)
  1660 | D:2      | Quit the game

Skill      XL: |  1  2  3  4 |
---------------+-------------+-----
Dodging        | 3 4 |  4.0
Maces & Flails | 2 3 |  3.3
Spellcasting   | 1 |  1.6
Fighting       | 2 |  2.7
Evocations     | 1 |  1.1
Stealth        | |  3.9
Shields        | |  0.4

Action                   |  1- 3 |  4- 6 || total
-------------------------+-------+-------++-------
Melee: Whip              |   172 |    49 ||   221
 Fire: Blowgun           |    41 |     9 ||    50
Evoke: Wand              |       |     1 ||     1
  Use: Scroll            |       |     1 ||     1
  Eat: Chunk             |     2 |     1 ||     3
       Ration            |     1 |     1 ||     2
Armor: Skin              |   177 |    34 ||   211
Dodge: Dodged            |   150 |    14 ||   164
Block: Medium shield     |    63 |    24 ||    87
